NWL (28 & UNDER)
BISMARK BORDER GUARDS @ MOOSE JAW GHOSTBUSTERS
08/29/2029
 
TOP OF THE 1ST
Bismark Border Guards batting - Pitching for Moose Jaw Ghostbusters : RHP Ernesto Mendoza
Pitching: RHP Ernesto Mendoza
Batting: RHB Alfredo Farías 0-0: Swinging Strike
0-1: Ball
1-1: DOUBLE (Groundball, 5L)
Batting: LHB Will Hill 0-0: Ball
1-0: Ball
2-0: Called Strike
2-1: Called Strike
2-2: Foul Ball, location: 2F
2-2: Ball
3-2: Foul Ball, location: 2F
3-2: Ground out 4-3 (Groundball, 4)
Alfredo Farías to third
Batting: RHB Jackson Gibson 0-0: Ball
1-0: Foul Ball, location: 2F
1-1: SINGLE (Line Drive, 6M)
Alfredo Farías scores
Batting: LHB Alan Moore 0-0: Ball
1-0: Ball
2-0: SINGLE (Line Drive, 7LS)
Jackson Gibson to second
Batting: RHB Mario Carranza 0-0: Called Strike
0-1: SINGLE (Groundball, 56D)
Jackson Gibson to third
Alan Moore to second
Batting: RHB Vincent Braun 0-0: Called Strike
0-1: Foul Ball, location: 2F
0-2: SINGLE (Groundball, 56D)
Jackson Gibson scores
Alan Moore to third
Mario Carranza to second
Runner from 3rd tries for Home, SAFE, no throw
Batting: RHB Sergio Solíz 0-0: SINGLE (Line Drive, 34D)
Mario Carranza to third
Vincent Braun to second
Runner from 3rd tries for Home, SAFE, no throw
Batting: RHB Danny Spode 0-0: Swinging Strike
0-1: Swinging Strike
0-2: Strikes out swinging
Batting: LHB Kelsey Scott 0-0: Swinging Strike
0-1: Called Strike
0-2: Ball
1-2: Foul Ball, location: 2F
1-2: Strikes out swinging
Top of the 1st over - 4 runs, 6 hits, 0 errors, 2 left on base; Bismark 4 - Moose Jaw 0
BOTTOM OF THE 1ST
Moose Jaw Ghostbusters batting - Pitching for Bismark Border Guards : RHP Adrián Sandoval
Pitching: RHP Adrián Sandoval
Batting: SHB Michael Miller 0-0: Called Strike
0-1: Swinging Strike
0-2: Ground out 1-3 (Groundball, 13)
Batting: LHB John Stone 0-0: Swinging Strike
0-1: Fly out, F8 (Flyball, 8RD)
Batting: RHB Billy Mullins 0-0: Ball
1-0: Ball
2-0: Foul Ball, location: 2F
2-1: Ground out 5-3 (Groundball, 5)
Bottom of the 1st over - 0 runs, 0 hits, 0 errors, 0 left on base; Bismark 4 - Moose Jaw 0
TOP OF THE 2ND
Bismark Border Guards batting - Pitching for Moose Jaw Ghostbusters : RHP Ernesto Mendoza
Batting: RHB Alfredo Farías 0-0: Swinging Strike
0-1: Ball
1-1: Swinging Strike
1-2: Strikes out swinging
Batting: LHB Will Hill 0-0: Fly out, F7 (Flyball, 7LSF)
Batting: RHB Jackson Gibson 0-0: SOLO HOME RUN (Flyball, 7LD), Distance : 338 ft
Batting: LHB Alan Moore 0-0: Ball
1-0: Ball
2-0: Called Strike
2-1: SINGLE (Line Drive, 78M)
Batting: RHB Mario Carranza 0-0: Ball
1-0: Ball
2-0: Called Strike
2-1: Fielders Choice at 2nd, 6-4 (Groundball, 6)
Top of the 2nd over - 1 run, 2 hits, 0 errors, 1 left on base; Bismark 5 - Moose Jaw 0
BOTTOM OF THE 2ND
Moose Jaw Ghostbusters batting - Pitching for Bismark Border Guards : RHP Adrián Sandoval
Batting: RHB Yasuhiko Sumita 0-0: Foul Ball, location: 2F
0-1: Ball
1-1: Foul Ball, location: 2F
1-2: Ground out 5-3 (Groundball, 5)
Batting: LHB Jon Scott 0-0: Ball
1-0: Ball
2-0: Called Strike
2-1: Ball
3-1: Ground out 4-3 (Groundball, 4)
Batting: LHB Jon Rogers 0-0: Foul Ball, location: 2F
0-1: Ball
1-1: Foul Ball, location: 2F
1-2: Strikes out swinging
Bottom of the 2nd over - 0 runs, 0 hits, 0 errors, 0 left on base; Bismark 5 - Moose Jaw 0
TOP OF THE 3RD
Bismark Border Guards batting - Pitching for Moose Jaw Ghostbusters : RHP Ernesto Mendoza
Batting: RHB Vincent Braun 0-0: Foul Ball, location: 2F
0-1: Swinging Strike
0-2: Ball
1-2: Ball
2-2: SINGLE (Groundball, 4D)
Batting: RHB Sergio Solíz 0-0: Ball
1-0: SINGLE (Line Drive, 9LM)
Vincent Braun to second
Batting: RHB Danny Spode 0-0: Called Strike
0-1: Ball
1-1: Fly out, F7 (Flyball, 78S)
Batting: LHB Kelsey Scott 0-0: Ball
1-0: Called Strike
1-1: Swinging Strike
1-2: Ball
2-2: Ball
3-2: Foul Ball, location: 2F
3-2: Reached on error, E5 (Groundball, 5)
Vincent Braun to third
Sergio Solíz to second
Batting: RHB Alfredo Farías 0-0: Called Strike
0-1: Foul Ball, location: 2F
0-2: Ball
1-2: Foul Ball, location: 2F
1-2: Fielders Choice at 2nd, 6-4 (Groundball, 6)
Vincent Braun scores
Sergio Solíz to third
Batting: LHB Will Hill 0-0: Ball
1-0: Foul Ball, location: 2F
1-1: Foul Ball, location: 2F
1-2: Fly out, F7 (Flyball, 7)
Top of the 3rd over - 1 run, 2 hits, 1 error, 2 left on base; Bismark 6 - Moose Jaw 0
BOTTOM OF THE 3RD
Moose Jaw Ghostbusters batting - Pitching for Bismark Border Guards : RHP Adrián Sandoval
Batting: SHB Martín Cruz 0-0: Ball
1-0: Ground out 5-3 (Groundball, 56)
Batting: RHB Johnny MacNamara 0-0: Swinging Strike
0-1: Fly out, F8 (Flyball, 8RD)
Batting: RHB Henry Barker 0-0: Called Strike
0-1: Swinging Strike
0-2: Ball
1-2: Strikes out swinging
Bottom of the 3rd over - 0 runs, 0 hits, 0 errors, 0 left on base; Bismark 6 - Moose Jaw 0
TOP OF THE 4TH
Bismark Border Guards batting - Pitching for Moose Jaw Ghostbusters : RHP Ernesto Mendoza
Batting: RHB Jackson Gibson 0-0: Called Strike
0-1: Foul Ball, location: 2F
0-2: Strikes out swinging
Batting: LHB Alan Moore 0-0: Reached on error, E1 (Groundball, P)
Batting: RHB Mario Carranza 0-0: Ball
1-0: Ground out 6-3 (Groundball, 6)
Batting: RHB Vincent Braun 0-0: DOUBLE (Flyball, 8LXD)
Alan Moore scores
Batting: RHB Sergio Solíz 0-0: Ball
1-0: Foul Ball, location: 2F
1-1: Fly out, F4 (Line Drive, 4)
Top of the 4th over - 1 run, 1 hit, 1 error, 1 left on base; Bismark 7 - Moose Jaw 0
BOTTOM OF THE 4TH
Moose Jaw Ghostbusters batting - Pitching for Bismark Border Guards : RHP Adrián Sandoval
Batting: SHB Michael Miller 0-0: Foul Ball, location: 2F
0-1: Foul Ball, location: 2F
0-2: Strikes out looking
Batting: LHB John Stone 0-0: Ball
1-0: Foul Ball, location: 2F
1-1: Swinging Strike
1-2: SINGLE (Flyball, 78S)
Batting: RHB Billy Mullins 0-0: Ball
1-0: Foul Ball, location: 2F
1-1: Ball
2-1: Grounds into double play, 6-4-3 (Groundball, 6)
Bottom of the 4th over - 0 runs, 1 hit, 0 errors, 0 left on base; Bismark 7 - Moose Jaw 0
TOP OF THE 5TH
Bismark Border Guards batting - Pitching for Moose Jaw Ghostbusters : RHP Ernesto Mendoza
Batting: RHB Danny Spode 0-0: Called Strike
0-1: Swinging Strike
0-2: Ground out 1-3 (Groundball, P)
Batting: LHB Kelsey Scott 0-0: Called Strike
0-1: Foul Ball, location: 2F
0-2: Ball
1-2: Ball
2-2: Ball
3-2: Ground out 4-3 (Groundball, 34)
Batting: RHB Alfredo Farías 0-0: Swinging Strike
0-1: Ball
1-1: Ball
2-1: Foul Ball, location: 2F
2-2: Foul Ball, location: 2F
2-2: Foul Ball, location: 2F
2-2: Ball
3-2: Ground out 6-3 (Groundball, 6)
Top of the 5th over - 0 runs, 0 hits, 0 errors, 0 left on base; Bismark 7 - Moose Jaw 0
BOTTOM OF THE 5TH
Moose Jaw Ghostbusters batting - Pitching for Bismark Border Guards : RHP Adrián Sandoval
Batting: RHB Yasuhiko Sumita 0-0: Foul Ball, location: 2F
0-1: Foul Ball, location: 2F
0-2: Fly out, F6 (Popup, P)
Batting: LHB Jon Scott 0-0: Ball
1-0: SINGLE (Line Drive, 78S)
Batting: LHB Jon Rogers 0-0: Called Strike
0-1: Ball
1-1: Fielders Choice at 2nd, 4-6 (Groundball, 4)
Batting: SHB Martín Cruz 0-0: Ball
1-0: Ball
2-0: Swinging Strike
2-1: Foul Ball, location: 2F
2-2: Ball
3-2: 2-RUN HOME RUN (Flyball, 7D), Distance : 389 ft
Batting: RHB Johnny MacNamara 0-0: Ground out 5-3 (Groundball, 56)
Bottom of the 5th over - 2 runs, 2 hits, 0 errors, 0 left on base; Bismark 7 - Moose Jaw 2
TOP OF THE 6TH
Bismark Border Guards batting - Pitching for Moose Jaw Ghostbusters : RHP Ernesto Mendoza
Pitching: RHP Tom Fisher
Batting: LHB Will Hill 0-0: Ball
1-0: Foul Ball, location: 2F
1-1: Ball
2-1: Foul Ball, location: 2F
2-2: Ball
3-2: Foul Ball, location: 2F
3-2: Base on Balls
Batting: RHB Jackson Gibson 0-0: Ball
1-0: Swinging Strike
1-1: Foul Ball, location: 2F
1-2: Ball
2-2: SINGLE (Line Drive, 4MD)
Will Hill to second
Batting: LHB Alan Moore 0-0: Ball
1-0: Foul Ball, location: 2F
1-1: SINGLE (Flyball, 8RS)
Will Hill to third
Jackson Gibson to second
Batting: RHB Mario Carranza 0-0: Ball
1-0: Swinging Strike
1-1: Ball
2-1: Foul Ball, location: 2F
2-2: Strikes out swinging
Batting: RHB Vincent Braun 0-0: Ball
1-0: Ball
2-0: Ball
3-0: Called Strike
3-1: Foul Ball, location: 2F
3-2: Foul Ball, location: 2F
3-2: Foul Ball, location: 2F
3-2: Base on Balls
Will Hill scores
Jackson Gibson to third
Alan Moore to second
Batting: RHB Sergio Solíz 0-0: Called Strike
0-1: Fly out, F9 (Line Drive, 89M)
Runner from 3rd tags up, SCORES, no throw
Batting: RHB Danny Spode 0-0: Ball
1-0: DOUBLE (Flyball, 78D)
Alan Moore scores
Vincent Braun to third
Runner from 3rd tries for Home, SAFE, no throw
Batting: LHB Kelsey Scott 0-0: Ball
1-0: Foul Ball, location: 2F
1-1: Called Strike
1-2: Ball
2-2: Ball
3-2: Foul Ball, location: 2F
3-2: Fly out, F9 (Flyball, 9LSF)
Top of the 6th over - 4 runs, 3 hits, 0 errors, 1 left on base; Bismark 11 - Moose Jaw 2
BOTTOM OF THE 6TH
Moose Jaw Ghostbusters batting - Pitching for Bismark Border Guards : RHP Adrián Sandoval
Batting: RHB Henry Barker 0-0: Ball
1-0: Fly out, F5 (Popup, 5SF)
Batting: SHB Michael Miller 0-0: Called Strike
0-1: Ball
1-1: Fly out, F6 (Popup, 6)
Batting: LHB John Stone 0-0: Swinging Strike
0-1: Foul Ball, location: 2F
0-2: Ball
1-2: Strikes out looking
Bottom of the 6th over - 0 runs, 0 hits, 0 errors, 0 left on base; Bismark 11 - Moose Jaw 2
TOP OF THE 7TH
Bismark Border Guards batting - Pitching for Moose Jaw Ghostbusters : RHP Tom Fisher
Batting: RHB Alfredo Farías 0-0: Ground out 4-3 (Groundball, 4MS)
Batting: LHB Will Hill 0-0: Ball
1-0: Called Strike
1-1: Ball
2-1: Fly out, F9 (Flyball, 9S)
Batting: RHB Jackson Gibson 0-0: Called Strike
0-1: Ball
1-1: Foul Ball, location: 2F
1-2: Strikes out looking
Top of the 7th over - 0 runs, 0 hits, 0 errors, 0 left on base; Bismark 11 - Moose Jaw 2
BOTTOM OF THE 7TH
Moose Jaw Ghostbusters batting - Pitching for Bismark Border Guards : RHP Adrián Sandoval
Now in LF: Oliver Sánchez
Batting: RHB Billy Mullins 0-0: Hit by Pitch
Batting: RHB Yasuhiko Sumita 0-0: Ball
1-0: Foul Ball, location: 2F
1-1: Foul Ball, location: 2F
1-2: Strikes out looking
Billy Mullins steals 2nd base
Batter strikes out.
Batting: LHB Jon Scott 0-0: SINGLE (Line Drive, 89S)
Billy Mullins to third
Batting: LHB Jon Rogers 0-0: Called Strike
0-1: Ball
1-1: Ball
2-1: SINGLE (Line Drive, 7S)
Billy Mullins scores
Jon Scott to second
Batting: SHB Martín Cruz 0-0: Foul Ball, location: 2F
0-1: Ball
Jon Scott steals 3rd base
Jon Rogers to second
1-1: Ball
2-1: Ball
3-1: Foul Ball, location: 2F
3-2: Foul Ball, location: 2F
3-2: SINGLE (Groundball, 34S) (infield hit)
Jon Scott scores
Jon Rogers to third
Batting: RHB Johnny MacNamara 0-0: Ball
1-0: Ball
2-0: Ball
3-0: Called Strike
3-1: Grounds into double play, 6-4-3 (Groundball, 6D)
Bottom of the 7th over - 2 runs, 3 hits, 0 errors, 1 left on base; Bismark 11 - Moose Jaw 4
TOP OF THE 8TH
Bismark Border Guards batting - Pitching for Moose Jaw Ghostbusters : RHP Tom Fisher
Batting: LHB Alan Moore 0-0: Ball
1-0: Ball
2-0: Called Strike
2-1: Fly out, F9 (Flyball, 9D)
Batting: RHB Mario Carranza 0-0: Ball
1-0: Ball
2-0: Ball
3-0: Base on Balls
Batting: RHB Vincent Braun 0-0: Ball
1-0: Foul Ball, location: 2F
1-1: Foul Ball, location: 2F
1-2: SINGLE (Flyball, 9LS)
Mario Carranza to second
Runner from 2nd tries for 3rd, SAFE, no throw
Batting: RHB Sergio Solíz 0-0: Swinging Strike
0-1: Called Strike
0-2: SINGLE (Groundball, 2L) (infield hit)
Mario Carranza scores
Vincent Braun to second
Batting: RHB Danny Spode 0-0: Ball
1-0: Swinging Strike
1-1: Ground out 5-3 (Groundball, 5S)
Vincent Braun to third
Sergio Solíz to second
Batting: LHB Kelsey Scott 0-0: Reached on error, E6 (Groundball, 6)
Vincent Braun scores
Sergio Solíz to third
Batting: RHB Alfredo Farías 0-0: Called Strike
0-1: Ball
1-1: Foul Ball, location: 2F
1-2: SINGLE (Groundball, 56S) (infield hit)
Sergio Solíz scores
Kelsey Scott to second
Batting: RHB Oliver Sánchez 0-0: Ball
1-0: Ball
2-0: Called Strike
2-1: Ball
3-1: Base on Balls
Kelsey Scott to third
Alfredo Farías to second
Batting: RHB Jackson Gibson 0-0: Called Strike
0-1: Foul Ball, location: 2F
0-2: Ball
1-2: Fly out, F5 (Popup, 15)
Top of the 8th over - 3 runs, 3 hits, 1 error, 3 left on base; Bismark 14 - Moose Jaw 4
BOTTOM OF THE 8TH
Moose Jaw Ghostbusters batting - Pitching for Bismark Border Guards : RHP Adrián Sandoval
Now at SS: José Vidal
Batting: RHB Henry Barker 0-0: Ball
1-0: Fly out, F9 (Flyball, 89D)
Batting: SHB Michael Miller 0-0: Called Strike
0-1: Ball
1-1: Fly out, F7 (Line Drive, 78D)
Batting: LHB John Stone 0-0: Ball
1-0: Ball
2-0: Ball
3-0: Base on Balls
Batting: RHB Billy Mullins 0-0: Foul Ball, location: 2F
0-1: Ball
1-1: Ball
2-1: Ball
3-1: Base on Balls
John Stone to second
Batting: RHB Yasuhiko Sumita 0-0: Called Strike
0-1: Swinging Strike
0-2: Foul Ball, location: 2F
0-2: Ball
1-2: DOUBLE (Line Drive, 7LD)
John Stone scores
Billy Mullins to third
Runner from 3rd tries for Home, SAFE, no throw
Pitching: LHP Jeffrey Glass
Pinch Hitting: SHB Rafael Acosta 0-0: 2-RUN HOME RUN (Flyball, 7D), Distance : 381 ft
Batting: LHB Jon Rogers 0-0: Ball
1-0: Called Strike
1-1: Swinging Strike
1-2: Strikes out swinging
Bottom of the 8th over - 4 runs, 2 hits, 0 errors, 0 left on base; Bismark 14 - Moose Jaw 8
TOP OF THE 9TH
Bismark Border Guards batting - Pitching for Moose Jaw Ghostbusters : RHP Tom Fisher
Pitching: RHP Pancho Hernández
Now in RF: Rafael Acosta
Batting: LHB Alan Moore 0-0: Ball
1-0: Ball
2-0: Foul Ball, location: 2F
2-1: SINGLE (Flyball, 78M)
Batting: RHB Mario Carranza 0-0: Ball
1-0: Called Strike
1-1: Swinging Strike
1-2: Ball
2-2: Strikes out swinging
Batting: RHB Vincent Braun 0-0: Ball
1-0: Ball
Passed Ball!
Alan Moore to second
2-0: Foul Ball, location: 2F
2-1: Foul Ball, location: 2F
2-2: Ball
3-2: Foul Ball, location: 2F
3-2: Foul Ball, location: 2F
3-2: Foul Ball, location: 2F
3-2: Foul Ball, location: 2F
3-2: Base on Balls
Batting: RHB José Vidal 0-0: Called Strike
0-1: Ball
1-1: Swinging Strike
1-2: Strikes out swinging
Batting: RHB Danny Spode 0-0: Called Strike
0-1: Called Strike
0-2: Strikes out swinging
Top of the 9th over - 0 runs, 1 hit, 0 errors, 2 left on base; Bismark 14 - Moose Jaw 8
BOTTOM OF THE 9TH
Moose Jaw Ghostbusters batting - Pitching for Bismark Border Guards : LHP Jeffrey Glass
Batting: SHB Martín Cruz 0-0: Called Strike
0-1: Ball
1-1: Ball
2-1: Ball
3-1: Base on Balls
Batting: RHB Johnny MacNamara 0-0: Ball
1-0: Foul Ball, location: 2F
1-1: Ball
2-1: Foul Ball, location: 2F
2-2: SINGLE (Groundball, 56D)
Martín Cruz to second
Batting: RHB Henry Barker 0-0: Fly out, F9 (Flyball, 89D)
Runner from 2nd tags up, SAFE at 3rd, no throw
Batting: SHB Michael Miller 0-0: Called Strike
0-1: Ball
1-1: Grounds into double play, 4-6-3 (Groundball, 4M)
Bottom of the 9th over - 0 runs, 1 hit, 0 errors, 1 left on base; Bismark 14 - Moose Jaw 8
Saturday, December 16th, 2017 - OOTP Baseball 18.8 Build 76